AoeStats
← [AirBo]一大包

MegaRandom

507747431Analyzed
4v4 RM · 11d ago on Sep 19, 2026· 18m 9s· 8 players
Game mode
Random Map
Map size
Large (8 player)
Population
200
Speed
Normal
Resources
Standard
Victory
Conquest
Starting age
Dark Age
Ending age
Imperial Age
RankedLock teamsTeams togetherTeam positionsShared explorationLock speedFull tech treeHidden civsTurbo modeCheats
Victory
Defeat
🇬🇧 Dravidians · United Kingdom
2087
+3
🇨🇭 Persians · Switzerland
1783
+10
🇬🇧 Britons · United Kingdom
1753
+10
🇧🇪 Tatars · Belgium
1731
+11
🇦🇷 Mongols · Argentina
1716
-10
🇭🇰 Khmer · Hong Kong SAR China
1695
-10
🇹🇼 Italians · Taiwan
1617
-7
🇹🇼 Persians · Taiwan
1605
-7
daehiise
6:22 Loom
8:41 Feudal Age
9:35 Double-Bit Axe
10:15 Horse Collar
15:41 Scale Barding Armor
16:44 Forging
Pete
6:09 Loom
9:07 Feudal Age
14:10 Fletching
15:54 Double-Bit Axe
Tusky
6:45 Loom
9:18 Feudal Age
10:03 Double-Bit Axe
12:51 Horse Collar
15:26 Scale Barding Armor
16:46 Forging
18:16 Bloodlines
robo_boro
5:49 Loom
8:47 Feudal Age
9:31 Double-Bit Axe
11:25 Fletching
[AirBo]實心包
2:34 Loom
10:22 Feudal Age
10:51 Double-Bit Axe
10:46 Horse Collar
15:29 Wheelbarrow
17:05 Scale Barding Armor
18:21 Bloodlines
[AirBo]一大包
8:56 Feudal Age
9:05 Loom
9:51 Double-Bit Axe
甜心包
5:51 Loom
9:37 Feudal Age
11:03 Wheelbarrow
10:15 Town Watch
12:07 Double-Bit Axe
14:26 Fletching
[AirBo]空氣包
6:43 Loom
10:05 Feudal Age
Connection lost

Rejoining the realm…

Still unreachable

The connection could not be restored.

Session expired

The server has moved on; the page needs a fresh start.